 Dungeon Crawl Stone Soup version 0.28.0-43-g3370ac3207 (webtiles) character file.

Game seed: 9853799553465481412

14 Bruhh the Shield-Bearer (level 2, 2/19 HPs)
             Began as a Gargoyle Fighter on Mar 28, 2022.
             Quit the game on level 1 of the Dungeon.
             The game lasted 00:01:12 (176 turns).

Bruhh the Shield-Bearer (Gargoyle Fighter)           Turns: 176, Time: 00:01:12

Health: 2/19       AC:  9    Str: 19    XL:     2   Next: 41%
Magic:  2/2        EV:  9    Int:  8    God:
Gold:   0          SH:  4    Dex:  9    Spells: 1/1 levels left

rFire   . . .      SeeInvis .   a - +0 war axe
rCold   . . .      Faith    .   c - +0 buckler
rNeg    + . .      Spirit   .   b - +0 scale mail
rPois   ∞          Reflect  .   (no helmet)
rElec   +          Harm     .   (no cloak)
rCorr   .          Rampage  .   (no gloves)
Will    .....                   (no boots)
Stlth   ..........              (no amulet)
HPRegen 0.06/turn               (no ring)
MPRegen 0.08/turn               (no ring)

@: no status effects
A: sickness immunity, AC +2, negative energy resistance 1, electricity
resistance, torment resistance 1, petrification resistance
a: no special abilities


You were on level 1 of the Dungeon.
You visited 1 branch of the dungeon, and saw 1 of its levels.

Inventory:

Hand Weapons
 a - a +0 war axe (weapon)
Armour
 b - a +0 scale mail (worn)
 c - a +0 buckler (worn)
Potions
 d - a potion of might


   Skills:
 - Level 3.2 Fighting
 + Level 2.7 Axes
 - Level 3.2 Armour
 - Level 3.2 Shields


You had one spell level left.
You didn't know any spells.
Your spell library was empty.

Dungeon Overview and Level Annotations

Branches:
Dungeon (1/15)

Altars:

Annotations:
D:1 1 runed translucent door


Innate Abilities, Weirdness & Mutations

You are immune to sickness and miasma.
Your stone body is resilient. (AC +2)
You are immune to poison.
You resist negative energy. (rN+)
You are resistant to electric shocks. (rElec)
You are resistant to unholy torment.
You are immune to petrification.


Message History

You kill the hobgoblin!
You hit the ball python.
You kill the ball python!
The bat closely misses you. The bat hits you but does no damage. x2
The bat hits you but does no damage.
Things that are here:
a +0 dagger; a +0 club The bat hits you. x2
* * * LOW HITPOINT WARNING * * *
You completely miss the bat. The bat hits you but does no damage.
You barely miss the bat. The bat hits you but does no damage.
The bat misses you. The bat hits you but does no damage.
The bat hits you but does no damage. The bat hits you.
* * * LOW HITPOINT WARNING * * *
You miss the bat. The bat hits you but does no damage. The bat hits you.
* * * LOW HITPOINT WARNING * * *
The bat hits you but does no damage. x2
The bat hits you but does no damage.
You hit the bat.
The bat is moderately wounded.
You block the bat's attack. The bat barely misses you.
You miss the bat.
The bat is moderately wounded.
The bat hits you but does no damage. The bat barely misses you.
The bat hits you but does no damage. The bat misses you.
The bat hits you but does no damage. The bat barely misses you.
You block the bat's attack.
A hobgoblin comes into view.
The bat hits you.
* * * LOW HITPOINT WARNING * * *
The bat barely misses you. The bat barely misses you. The bat hits you.
* * * LOW HITPOINT WARNING * * *
Are you sure you want to abandon this character and quit the game? (Confirm with "yes".)

################
.#.(............#
.................#
..#..............###
...................#
..................#
.................##
#..............#
#......b@.?)†..# #
#.g............### .###.
#.....#######....#......
......### #........#
...... #######.).†.####
...... #........#...#
..... #.#####..........
..... #.# #..........
#†# #..........P


You could see a hobgoblin and a bat.

Vanquished Creatures
  A ball python (D:1)
  2 endoplasms (D:1)
  A giant cockroach (D:1)
  A goblin (D:1)
  A hobgoblin (D:1)
  A quokka (D:1)
  2 frilled lizards (D:1)
  2 kobolds (D:1)
  A rat (D:1)
12 creatures vanquished.

Notes
Turn   | Place    | Note
-------+----------+-------------------------------------------
     0 | D:1      | Bruhh the Gargoyle Fighter began the quest for the Orb.
     0 | D:1      | Reached XP level 1. HP: 14/14 MP: 1/1
     1 | D:1      | Found a runed translucent door.
     2 | D:1      | Noticed a jelly
   134 | D:1      | Reached XP level 2. HP: 19/19 MP: 2/2
   176 | D:1      | Quit the game

Illustrated notes

Levels and vault maps discovered:
D:1:      dpeg_arrival_caged_fury, layout_rooms, serial_bayou_pond_c,
          chequers_serial_rivers_room_b

Skill      XL: |  1 |
---------------+----+-----
Axes           | 2 |  2.7
Fighting       | |  3.2
Armour         | |  3.2
Shields        | |  3.2

Action                   || total
-------------------------++-------
Melee: War axe           ||    32
Armor: Scale mail        ||    33
Dodge: Dodged            ||    24
Block: Buckler           ||    17
